 Dungeon Crawl Stone Soup version 0.28-a0-1227-ga9037bb4c8 (webtiles) character file.

Game seed: 5641874228340193887

3502 blank1 the Fighter (level 9, -2/85 HPs)
             Began as a Minotaur Fighter on Dec 23, 2021.
             Slain by a deep troll (13 damage)
             ... on level 7 of the Dungeon.
             The game lasted 00:13:08 (8426 turns).

blank1 the Fighter (Minotaur Fighter)               Turns: 8426, Time: 00:13:09

Health: -2/85      AC: 10    Str: 23    XL:     9   Next: 80%
Magic:  8/8        EV:  9    Int:  5    God:
Gold:   593        SH: 10    Dex: 18    Spells: 8/8 levels left

rFire   . . .      SeeInvis .   q - +5 scimitar
rCold   . . .      Faith    .   x - +0 kite shield
rNeg    . . .      Spirit   .   c - +0 chain mail
rPois   .          Reflect  .   (helmet restricted)
rElec   .          Harm     .   (no cloak)
rCorr   .          Rampage  .   (no gloves)
Will    .....                   (no boots)
Stlth   ..........              (no amulet)
HPRegen 0.24/turn               j - +6 ring of dexterity
MPRegen 0.11/turn               (no ring)

@: mighty
A: horns 2, retaliatory headbutt
a: no special abilities


You were on level 7 of the Dungeon.
You visited 2 branches of the dungeon, and saw 8 of its levels.
You also visited: Ossuary.

You collected 593 gold pieces.

Inventory:

Hand Weapons
 h - a +2 flail of protection
 q - a +5 scimitar (weapon)
Armour
 c - a +0 chain mail (worn)
 x - a +0 kite shield (worn)
Jewellery
 j - a +6 ring of dexterity (left hand)
Wands
 g - a wand of iceblast (14)
 k - a wand of acid (7)
Scrolls
 a - 2 scrolls of noise {unknown}
 n - 3 scrolls of blinking
 r - a scroll of identify
 t - 2 scrolls of acquirement {unknown}
 u - a scroll of teleportation
 y - 2 scrolls of silence
Potions
 b - 2 potions of resistance
 d - 2 potions of might
 e - a potion of heal wounds
 f - 3 potions of curing
 i - 2 potions of ambrosia {unknown}
 l - 3 potions of attraction
 m - 4 potions of invisibility {unknown}
 o - 4 potions of flight {unknown}
 p - 5 potions of degeneration {unknown}
 v - a potion of magic {unknown}


   Skills:
 + Level 10.0 Fighting
 + Level 10.0 Long Blades
 - Level 8.0 Armour
 - Level 5.0 Dodging
 - Level 6.0 Shields


You had 8 spell levels left.
You didn't know any spells.
Your spell library was empty.

Dungeon Overview and Level Annotations

Branches:
Dungeon (7/15)             Temple (1/1) D:7         Ossuary (visited)

Altars:
Cheibriados
Dithmenos
Elyvilon
Fedhas
Gozag
Hepliaklqana
Kikubaaqudgha
Makhleb
Nemelex Xobeh
Qazlal
Ru
Sif Muna
Uskayaw
Vehumet
Wu Jian
Xom
Zin
The Shining One
Beogh


Innate Abilities, Weirdness & Mutations

You have a pair of horns on your head.
You reflexively headbutt those who attack you in melee.


Message History

The deep troll is moderately wounded.
You block the deep troll's attack. x3
You slash the deep troll!
The deep troll is heavily wounded.
The deep troll bites you but does no damage.
You block the deep troll's attack. x2
You slice the deep troll!!
The deep troll is severely wounded.
The deep troll barely misses you. x2; The deep troll claws you!
The deep troll barely misses you. The deep troll claws you!
The deep troll claws you.
You hit the deep troll.
The deep troll is almost dead.
A deep troll comes into view.
The deep troll barely misses you. The deep troll claws you.
The deep troll claws you!
You barely miss the deep troll.
The deep troll shouts!
You headbutt the deep troll!
You kill the deep troll!
You block the deep troll's attack.
The deep troll claws you but does no damage.
The deep troll barely misses you.
Your life force feels restored.
Training target 5.0 for Dodging reached!
Training target 6.0 for Shields reached!
Your Dodging skill increases to level 5!
Your Shields skill gained 2 levels and is now at level 6!
You need to enable at least one skill for training.
You hit the deep troll. You headbutt the deep troll!
The deep troll is moderately wounded.
The deep troll bites you!!
* * * LOW HITPOINT WARNING * * *
The deep troll claws you.
* * * LOW HITPOINT WARNING * * *
The deep troll claws you!
* * * LOW HITPOINT WARNING * * *
There is an escape hatch in the ceiling here.
The deep troll bites you!
You die...

###................
#............######
#...#######........
#...# #.######. #...#
#......## #...#
######... #...# #.#.
#...# #.#.
#####T@.############.##
#..T....#.........)..##
#T##########...........
#.# **....,##........#.
#T#**.....,,##....^..##
#T##....?.,,,#.......##
#.........,,,#.......#
####$.....,,,#.......#
**T....,,*#########


You could see 3 deep trolls.

Vanquished Creatures
  A deep troll (D:7)
  Sigmund (D:6)
  A water moccasin (D:6)
  2 sky beasts (D:6)
  An orc warrior (D:7)
  An ice beast (D:7)
  2 centaurs
  2 ogres
  2 phantoms (D:5)
  3 bullfrogs (D:7)
  A gnoll sergeant (D:5)
  2 scorpions
  A wyvern skeleton (D:6)
  9 wights
  A jelly (D:5)
  2 gnoll shamans
  5 hounds
  An orc priest (D:7)
  A bullfrog skeleton (D:5)
  5 iguanas
  3 orc wizards
  Ijyb (D:4)
  A killer bee zombie (D:5)
  8 mummies (Ossuary)
  12 gnolls
  9 adders
  A shadow imp (D:7)
  An ufetubus (D:5)
  2 dart slugs (D:1)
  7 orcs
  10 ball pythons
  4 endoplasms
  4 giant cockroaches (D:3)
  6 goblins
  6 hobgoblins
  6 quokkas
  7 bats
  A frilled lizard (D:2)
  4 hobgoblin zombies (Ossuary)
  5 kobolds
  3 kobold zombies (Ossuary)
  An orc zombie (Ossuary)
  5 rats
151 creatures vanquished.

Vanquished Creatures (collateral kills)
  A wyvern (D:7)
  An orc (D:7)
2 creatures vanquished.

Grand Total: 153 creatures vanquished

Notes
Turn   | Place    | Note
-------+----------+-------------------------------------------
     0 | D:1      | blank1 the Minotaur Fighter began the quest for the Orb.
     0 | D:1      | Reached XP level 1. HP: 19/19 MP: 0/0
   454 | D:1      | Reached XP level 2. HP: 27/27 MP: 1/1
   582 | D:1      | Found a faded altar of an unknown god.
   840 | D:1      | Noticed an ogre
   840 | D:1      | Noticed an ogre
   840 | D:1      | Noticed an ogre
   846 | D:1      | Reached skill level 1 in Dodging
   848 | D:1      | Noticed an ogre
   963 | D:2      | Reached XP level 3. HP: 23/33 MP: 2/2
  1382 | D:2      | Reached XP level 4. HP: 40/40 MP: 3/3
  2109 | D:3      | Reached XP level 5. HP: 40/47 MP: 4/4
  2496 | D:4      | Reached skill level 5 in Fighting
  2578 | D:4      | Noticed Ijyb
  2760 | D:4      | Killed Ijyb
  2761 | D:4      | Reached skill level 5 in Long Blades
  2956 | D:4      | Reached XP level 6. HP: 53/56 MP: 5/5
  3676 | D:5      | Entered Level 5 of the Dungeon
  3723 | D:5      | Reached skill level 5 in Armour
  3917 | D:5      | Identified the +3 dagger of the Saviour {freeze, MP+9
                  | Str+3}
  3930 | D:5      | Reached XP level 7. HP: 63/63 MP: 6/6
  4609 | D:5      | Found an opulent altar of Gozag.
  5137 | D:5      | Reached XP level 8. HP: 66/73 MP: 7/7
  5398 | D:6      | Noticed Sigmund
  5416 | D:6      | Killed Sigmund
  5867 | D:6      | Found a stormy altar of Qazlal.
  5868 | D:6      | Found a sacrificial altar of Ru.
  5949 | D:6      | Found a glowing golden altar of the Shining One.
  5995 | D:7      | Found a staircase to the Ecumenical Temple.
  6002 | Temple   | Entered the Ecumenical Temple
  6074 | D:7      | Found a sand-covered staircase.
  6083 | Ossuary  | Entered an ossuary
  6694 | D:7      | Reached XP level 9. HP: 69/85 MP: 8/8
  6702 | D:7      | Reached skill level 10 in Fighting
  6702 | D:7      | Reached skill level 10 in Long Blades
  7110 | D:7      | HP: 3/81 [water moccasin (4)]
  8040 | D:7      | Found an ornate altar of the Wu Jian Council.
  8248 | D:7      | Found a hide-covered altar of Uskayaw.
  8407 | D:7      | Noticed a deep troll
  8408 | D:7      | Noticed a deep troll
  8408 | D:7      | Noticed a deep troll
  8414 | D:7      | Noticed a deep troll
  8415 | D:7      | Killed a deep troll
  8416 | D:7      | Reached skill level 5 in Dodging
  8426 | D:7      | Slain by a deep troll

Illustrated notes

Levels and vault maps discovered:
D:1:      erik_arrival_cave_to_civilisation [erik_arrival_cave_to_temple],
          layout_rooms, hellmonk_ecumenical_altar_defaced_shrine
D:2:      layout_basic, serial_rivers, chequers_serial_rivers_large_a,
          chequers_serial_rivers_room_a, chequers_serial_rivers_small_3,
          chequers_serial_rivers_micro_a, chequers_serial_rivers_large_b,
          chequers_serial_rivers_micro_d, minmay_stone_trees_small,
          chequers_serial_rivers_small_3, dk_noncrumbling_2,
          kennysheep_generic_room_15
D:3:      layout_basic
D:4:      layout_basic, uniq_ijyb
D:5:      layout_basic, nicolae_gozag_seed_capital
D:6:      layout_rooms, tso_altar, chequers_temple_overflow_statue_of_worship,
          uniq_sigmund
D:7:      layout_basic, nzn_wu_jian_council_hall, marbit_many_paths,
          minmay_temple_entry_junction_2, lightli_ossuary_entry_decrepit_ruins,
          hellmonk_guarded_unrand_vitality_bloodlust
Temple:   nicolae_temple_x_marks_the_god

Skill      XL: |  1  2  3  4  5  6  7  8  9 |
---------------+----------------------------+-----
Dodging        | 1 2 5 |  5.0
Fighting       | 4 5 6 7 9 10 | 10.0
Long Blades    | 3 4 5 6 7 9 10 | 10.0
Armour         | 4 5 6 8 |  8.0
Shields        | 4 6 |  6.0

Action                   |  1- 3 |  4- 6 |  7- 9 || total
-------------------------+-------+-------+-------++-------
Melee: Long sword        |    72 |   111 |   135 ||   318
       Headbutt          |     6 |    24 |    54 ||    84
       Scimitar          |       |       |   115 ||   115
  Use: Scroll            |       |     3 |     8 ||    11
       Potion            |       |       |     4 ||     4
Armor: Scale mail        |    41 |    29 |    34 ||   104
       Chain mail        |       |       |    60 ||    60
Dodge: Dodged            |    34 |    51 |    92 ||   177
Block: Buckler           |    16 |    30 |    16 ||    62
       Kite shield       |       |       |    82 ||    82

Table legend: (Time is in decaauts)
 A = Elapsed time spent in this place.
 B = Non-inter-level travel time spent in this place.
 C = Inter-level travel time spent in this place.
 D = Time resting spent in this place.
 E = Time spent auto-exploring this place.
 F = Levels seen in this place.
 G = Mean time per level.
                   A        B        C        D        E       F      G
               +--------+--------+--------+--------+--------+-----+--------+
         Total |   8552 |   8332 |    220 |   1517 |   5491 |   9 |  950.2 |
       Dungeon |   7939 |   7719 |    220 |   1222 |   5346 |   7 | 1134.1 |
        Temple |     45 |     45 |      0 |      0 |      0 |   1 |   45.0 |
       Ossuary |    567 |    567 |      0 |    295 |    145 |   1 |  567.0 |
               +--------+--------+--------+--------+--------+-----+--------+

Top non-repeatable levels by time:
     D:6: 1641 daAuts
     D:5: 1301 daAuts
     D:4: 1186 daAuts
     D:7: 1095 daAuts
     D:2: 980 daAuts
     D:1: 919 daAuts
     D:3: 814 daAuts
 Ossuary: 567 daAuts
  Temple: 45 daAuts
